 Dungeon Sprint DCSS version 0.28.0-43-g3370ac3207 (webtiles) character file.

Game seed: 18391190236051277474

24 boopmooplesden the Skirmisher (level 2, -5/29 HPs)
             Began as a Minotaur Berserker on Mar 15, 2022.
             Was a Follower of Trog.
             Slain by an ogre
             ... wielding a +0 giant spiked club
              (11 damage)
             ... in the Dungeon (Sprint I: "Red Sonja").
             The game lasted 00:00:20 (69 turns).

boopmooplesden the Skirmisher (Minotaur Berserker)    Turns: 69, Time: 00:00:20

Health: -5/29      AC:  3    Str: 21    XL:     2   Next: 79%
Magic:  1/1        EV: 12    Int:  4    God:    Trog [*.....]
Gold:   0          SH:  0    Dex:  9    Spells: 1/1 levels left

rFire   . . .      SeeInvis .   a - +0 hand axe
rCold   . . .      Faith    .   (no shield)
rNeg    . . .      Spirit   .   j - +0 leather armour
rPois   .          Reflect  .   (helmet restricted)
rElec   .          Harm     .   (no cloak)
rCorr   .          Rampage  .   (no gloves)
Will    .....      NoTele   +   (no boots)
Stlth   +.........              (no amulet)
HPRegen 0.09/turn               (no ring)
MPRegen 0.07/turn               (no ring)

@: no status effects
A: horns 2, retaliatory headbutt
a: Renounce Religion, Berserk


You were in the Dungeon.
You worshipped Trog.
Trog was aware of your devotion.
You visited 1 branch

Inventory:

Hand Weapons
 a - a +0 hand axe (weapon)
Armour
 b - a +0 animal skin
 j - a +0 leather armour (worn)
Wands
 i - a wand of polymorph (9)
Scrolls
 h - a scroll of blinking
Potions
 c - a potion of curing
 d - a potion of heal wounds
 e - a potion of haste
 f - 2 potions of magic
 g - a potion of berserk rage


   Skills:
 + Level 5.6 Fighting
 + Level 5.5 Axes
 + Level 3.2 Armour
 + Level 2.9 Dodging
 + Level 0.3 Unarmed Combat


You had one spell level left.
You didn't know any spells.
Your spell library was empty.

Dungeon Overview and Level Annotations

Branches:
Dungeon (1/1)

Altars:


Innate Abilities, Weirdness & Mutations

You have a pair of horns on your head.
You reflexively headbutt those who attack you in melee.


Message History

i - a wand of polymorph (9)
There is an open door, spattered with blood here.
Things that are here:
a +0 club; a +0 leather armour; the goblin corpse of Ijyb You start waiting.
You stop sporulating.
Your +0 hand axe unmelds from your body.
Your +0 animal skin unmelds from your body.
You start waiting.
You feel yourself speed up.
You start waiting.
You recover from your berserk rage.
j - a +0 leather armour You start removing your armour.
You continue taking off your +0 animal skin. x4
You finish taking off your +0 animal skin.
You start putting on your armour.
You continue putting on your +0 leather armour. x5
You finish putting on your +0 leather armour.
Unknown command.
You open the door.
An ogre comes into view. It is wielding a +0 giant spiked club.
The ogre shouts!
You fail to use your ability.
You hit the ogre.
The ogre is lightly wounded.
The ogre hits you with a +0 giant spiked club!
You hit the ogre.
The ogre is moderately wounded.
The ogre hits you with a +0 giant spiked club!
* * * LOW HITPOINT WARNING * * *
You hit the ogre.
The ogre is moderately wounded.
You hit the ogre.
The ogre is heavily wounded.
The ogre misses you.
You hit the ogre.
The ogre is severely wounded.
The ogre hits you with a +0 giant spiked club!
You die...

##########
#<.#.@O..#
#..)..#..+
#..#### +#
#..# #..#
#..# #⌠⌠#
####


You could see an ogre.

Vanquished Creatures
  Ijyb (D)
1 creature vanquished.

Notes
Turn   | Place    | Note
-------+----------+-------------------------------------------
     0 | D        | boopmooplesden the Minotaur Berserker began the quest for
                  | the Orb.
     0 | D        | Reached XP level 1. HP: 19/19 MP: 0/0
     1 | D        | Noticed Ijyb
    12 | D        | Killed Ijyb
    13 | D        | Reached skill level 5 in Fighting
    13 | D        | Reached skill level 5 in Axes
    13 | D        | Reached XP level 2. HP: 29/29 MP: 1/1
    63 | D        | Noticed an ogre
    69 | D        | Slain by an ogre

Illustrated notes

Levels and vault maps discovered:
D:        dungeon_sprint_1 [red_sonja_temple_1, red_sonja_temple_small_1]

Skill      XL: |  1 |
---------------+----+-----
Fighting       | 5 |  5.6
Axes           | 5 |  5.5
Armour         | 3 |  3.2
Dodging        | |  2.9
Unarmed Combat | |  0.3

Action                   || total
-------------------------++-------
Melee: Unarmed           ||     4
       Hand axe          ||     5
Invok: Berserk           ||     1
Dodge: Dodged            ||     2
